 Dungeon Crawl Stone Soup version 0.13.1-2-gfb2c2b7 (webtiles) character file.

185 Bibendum the Ruffian (level 4, -2/41 HPs)
             Began as a Troll Transmuter on Dec 3, 2013.
             Slain by Grinder (5 damage)
             ... on Level 3 of the Dungeon.
             The game lasted 00:03:05 (1474 turns).

Bibendum the Ruffian (Troll Transmuter)             Turns: 1474, Time: 00:03:05

HP  -2/41        AC  5     Str 18      XL: 4   Next:  3%
MP   3/3         EV  9     Int 10      God:
Gold 115         SH  0     Dex 10      Spells:  1 memorised,  4 levels left

Res.Fire  : . . .   See Invis. : .     - Unarmed
Res.Cold  : . . .   Warding    : .   c - +0 robe
Life Prot.: . . .   Conserve   : .   (shield restricted)
Res.Poison: .       Res.Corr.  : .   (helmet restricted)
Res.Elec. : .       Clarity    : .   (no cloak)
Sust.Abil.: . .     Spirit.Shd : .   (gloves unavailable)
Res.Mut.  : .       Stasis     : .   (boots unavailable)
Res.Rott. : .       Flight     : .   (no amulet)
Gourmand  : +                        (no ring)
                                     (no ring)

@: mildly poisoned, slightly resistant to hostile enchantments, unstealthy
A: unfitting armour, claws 3, fast metabolism 3, gourmand, regeneration 2,
saprovore 2, tough skin 2, AC +1
a: no special abilities


You were on level 3 of the Dungeon.
You were very full.

You visited 1 branch of the dungeon, and saw 3 of its levels.

You collected 95 gold pieces.

Inventory:

Missiles
 b - 12 arrows
Armour
 c - a +0 robe (worn)
Magical devices
 j - a wand of slowing (8)
Comestibles
 a - 2 meat rations
 i - a bread ration
Scrolls
 g - 3 scrolls of remove curse {unknown}
 h - 2 scrolls of fear {unknown}
 l - 2 scrolls of blinking {unknown}
 m - a scroll of curse weapon {unknown}
 n - a scroll of identify
 q - a scroll of enchant armour {unknown}
 s - a scroll of enchant weapon II {unknown}
 t - a scroll of teleportation {unknown}
Potions
 e - a potion of poison {unknown}
 k - a potion of magic
 o - a potion of confusion {unknown}
 p - a potion of degeneration {unknown}
 r - a potion of beneficial mutation {unknown}
 u - a potion of porridge {unknown}
Books
 d - a book of Changes

   Spells                             Type                      Level
   *Beastly Appendage                 Transmutation                1
   Sticks to Snakes                   Transmutation                2
   Spider Form                        Transmutation/Poison         3
   Ice Form                           Ice/Transmutation            4
   Blade Hands                        Transmutation                5


   Skills:
 - Level 0.7 Fighting
 - Level 1.5 Dodging
 + Level 4.9 Unarmed Combat
 - Level 1.2 Spellcasting
 - Level 1.3 Transmutations


You had 4 spell levels left.
You knew the following spells:

 Your Spells              Type           Power        Failure   Level  Hunger
a - Beastly Appendage     Trmt           #.....       21%         1    ##.....


Dungeon Overview and Level Annotations

Branches:
Dungeon (3/27)

Altars:

Annotations:
D:3 Grinder


Innate Abilities, Weirdness & Mutations

You are too large for most types of armour.
You have claws for hands.
Your metabolism is lightning-fast.
You like to eat raw meat.
You heal very quickly.
You can eat rotten meat.
You are covered in fur (AC +1).
You have very tough skin (AC +2).


Message History

Grinder hits you.
* * * LOW HITPOINT WARNING * * *
You can move again.
Unknown command.
Read which item? (? for menu, Esc to quit)
Okay, then.
Unknown command.
Drink which item? (? for menu, Esc to quit)
Okay, then.
Press: ? - help, v - describe, . - travel
Here: a kobold The floor.
Unknown command.
Unknown command.
The kobold hits you.
* * * LOW HITPOINT WARNING * * *
Grinder hits you.
* * * LOW HITPOINT WARNING * * *
You writhe in agony.
You die...

#.... #.... . #... ..#
#..# ..# #..# ..# #..# ..#
##..##############..#
....................####.
................@K........
.#####.####(..)..5..####.
.# #.# #...####..# .# #.#
#...# ..# .# #.# #...# ..#
.# #.# #...# ..# .# #.#
#...# ..# .# #.# #...# ..#
.# #.# #...# ..#


You could see Grinder and a kobold.

Vanquished Creatures
  2 adders
  2 worms
  3 giant geckos
  3 giant cockroaches
  7 goblins
  6 hobgoblins
  3 bats (D:1)
  3 giant newts
  6 kobolds
  4 rats
39 creatures vanquished.

Notes
Turn   | Place    | Note
--------------------------------------------------------------
     0 | D:1      | Bibendum, the Troll Transmuter, began the quest for the Orb.
     0 | D:1      | Reached XP level 1. HP: 19/19 MP: 1/1
   197 | D:1      | Reached XP level 2. HP: 27/27 MP: 1/1
   651 | D:1      | Reached skill level 4 in Unarmed Combat
   816 | D:2      | Reached XP level 3. HP: 28/33 MP: 2/2
  1388 | D:3      | Reached XP level 4. HP: 16/41 MP: 1/3
  1457 | D:3      | Noticed Grinder
  1468 | D:3      | Paralysed by Grinder for 6 turns
  1474 | D:3      | Slain by Grinder

Action                   |  1- 3 |  4- 6 || total
-------------------------+-------+-------++-------
Melee: Unarmed           |    98 |    12 ||   110
 Cast: Beastly Appendage |     1 |     1 ||     2
Evoke: Wand              |     1 |       ||     1
  Use: Scroll            |     3 |       ||     3
       Potion            |       |     1 ||     1
 Stab: Distracted        |     1 |       ||     1
